 Dungeon Crawl Stone Soup version 0.20-b1 (webtiles) character file.

65112 inmateoo the Grappler (level 14, -47/124 HPs)
             Began as a Red Draconian Transmuter on May 18, 2017.
             Was the Champion of Cheibriados.
             Annihilated by a titanic slime creature (69 damage)
             ... on level 14 of the Dungeon.
             The game lasted 00:35:32 (24039 turns).

inmateoo the Grappler (Red Draconian Transmuter)   Turns: 24039, Time: 00:35:34

Health: -47/124    AC:  9    Str: 31    XL:     14   Next: 74%
Magic:  24/27      EV: 22    Int: 30    God:    Cheibriados [******]
Gold:   1341       SH:  0    Dex: 29    Spells: 12/31 levels left

rFire    + . .     SeeInvis +     - Unarmed
rCold    + + .     Gourm    .   (shield currently unavailable)
rNeg     . . .     Faith    .   (armour unavailable)
rPois    .         Spirit   .   (helmet restricted)
rElec    .         Reflect  .   y - +0 cloak
rCorr    .         Harm     .   (gloves currently unavailable)
MR       +....     Rnd*Rage +   (no boots)
Stlth    ++........             (no amulet)
Regen    0.3/turn               F - ring of see invisible
MPRegen  0.2/turn               x - ring of protection from cold

@: blade hands, very slow
A: breathe fire, unfitting armour, see invisible, agile 1, berserk 1, cold
resistance 1, fire resistance 1, robust 1, evolution 1, cold-blooded, AC +8
a: Breathe Fire, End Transformation, Bend Time, Temporal Distortion, Slouch,
Step From Time, Renounce Religion


You were on level 14 of the Dungeon.
You worshipped Cheibriados.
Cheibriados was exalted by your worship.
You were not hungry.
You had blades for hands.
You visited 3 branches of the dungeon, and saw 21 of its levels.
You also visited: Ice Cave.

You collected 1536 gold pieces.
You spent 195 gold pieces at shops.

Inventory:

Hand Weapons
 e - a +1 dagger of draining
Missiles
 a - 374 arrows
Armour
 w - a +2 pair of gloves (melded)
 y - a +0 cloak (worn)
 E - the +3 warlock's mirror (melded) {reflect}
   (You acquired it on level 2 of the Lair of Beasts)
Jewellery
 x - a ring of protection from cold (right scythe-like blade)
 F - a ring of see invisible (left scythe-like blade)
 P - an uncursed ring of positive energy
 Q - an uncursed ring of positive energy
 U - an uncursed ring of magical power {unknown}
Wands
 d - a wand of iceblast (3/15)
 f - a wand of iceblast (10/15)
 j - a wand of clouds (0/9)
 m - a wand of lightning (11/15)
 s - a wand of flame (36/48)
 t - a wand of confusion (27/48)
 B - a wand of clouds (1/9)
 C - a wand of lightning (11/15)
 G - a wand of acid (8/15)
 L - a wand of polymorph (11/24)
 M - a wand of lightning (3/15)
 S - a wand of enslavement (9/24)
 V - a wand of digging (10/24)
 X - a wand of paralysis (11/24)
Scrolls
 b - 2 scrolls of identify
 g - a scroll of fog
 i - 2 scrolls of amnesia
 k - 11 scrolls of remove curse
 o - 6 scrolls of teleportation
 z - 4 scrolls of enchant weapon
 H - 3 scrolls of magic mapping
 J - 2 scrolls of fear
 T - 2 scrolls of recharging {unknown}
 W - a scroll of enchant armour
Potions
 n - 2 potions of might
 p - 3 potions of lignification
 q - 6 potions of heal wounds
 r - 9 potions of curing
 v - a potion of mutation
 A - a potion of ambrosia
 D - 4 potions of resistance
 I - 3 potions of brilliance
 K - 2 potions of agility
 O - a potion of invisibility
Miscellaneous
 N - a lightning rod (1/4)
 R - a fan of gales
Comestibles
 c - 11 bread rations
 h - 15 meat rations
 l - 14 fruits
 u - 24 royal jellies
 Y - 5 chunks of flesh


   Skills:
 + Level 7.5 Fighting
 + Level 9.1 Dodging
 - Level 5.4 Shields
 * Level 13.7 Unarmed Combat
 + Level 9.1 Spellcasting
 * Level 12.8 Transmutations
 - Level 2.3 Ice Magic
 - Level 8.4 Invocations
 + Level 5.2 Evocations


You had 12 spell levels left.
You knew the following spells:

 Your Spells              Type           Power        Failure   Level  Hunger
a - Beastly Appendage     Tmut           ######       4%          1    None
b - Sticks to Snakes      Tmut           ######..     4%          2    None
c - Spider Form           Tmut/Pois      ######....   14%         3    None
d - Ice Form              Ice/Tmut       ######..     19%         4    None
e - Blade Hands           Tmut           ######....   12%         5    ####...
f - Apportation           Tloc           ##....       28%         1    None
g - Regeneration          Chrm/Necr      ##........   50%         3    None


Dungeon Overview and Level Annotations

Branches:
Dungeon (14/15)            Temple (1/1) D:4            Lair (6/6) D:10
  Swamp (0/4) Lair:3        Snake (0/4) Lair:4        Slime (0/5) Lair:5
    Orc (0/2) D:11
 Vaults: D:13-14

Altars:
Ashenzari
Cheibriados
Dithmenos
Elyvilon
Fedhas
Gozag
Hepliaklqana
Kikubaaqudgha
Makhleb
Nemelex Xobeh
Okawaru
Qazlal
Ru
Sif Muna
Trog
Uskayaw
Vehumet
Xom
Yredelemnul
Zin
The Shining One
Jiyva

Shops:
D:6 [

Portals:
Trove: D:13 (give +3 gold dragon scales)

Annotations:
D:14 pedritolo's ghost, journeyman TrEE


Innate Abilities, Weirdness & Mutations

You can breathe blasts of fire.
Your fiery red scales are hard. (AC +8)
You cannot fit into any form of body armour.
Your flesh is heat resistant. (rF+)
You are cold-blooded and may be slowed by cold attacks.
You have supernaturally acute eyesight. (SInv)
You are agile. (Dex +2)
You tend to lose your temper in combat.
Your flesh is cold resistant. (rC+)
You are robust. (+10% HP)
You evolve.


Message History

You slash the enormous slime creature!
You tail-slap the enormous slime creature.
The enormous slime creature is almost dead.
Unknown command.
You slash the enormous slime creature!
You tail-slap the enormous slime creature!
The enormous slime creature is almost dead.
Two slime creatures merge to form a titanic slime creature.
Pedritolo's ghost (journeyman Troll Earth Elementalist) comes into view.
Unknown command.
Unknown command.
Okay, then.
You slice the titanic slime creature!!
You tail-slap the titanic slime creature.
You slash the titanic slime creature!!
The titanic slime creature is almost dead.
The orc wizard gestures wildly while chanting.
The orc wizard seems to speed up.
The titanic slime creature hits you!!!
Ouch! That really hurt!
You die...

#....[.# #..#....
#......# #.......
#......# #.##.##.
######.# #.....(.
#.######.### #
#....[....# .##W#
###.####.##
....o.#########.#
### #oJ@[.......#
#############


You could see a titanic slime creature, an orc wizard, pedritolo's ghost and an
orc.

Vanquished Creatures
  5 hydras
  A rakshasa (D:13)
  A catoblepas (D:13)
  A merfolk avatar (Lair:6)
  2 centaur warriors
  A two-headed ogre (D:9)
  4 death yaks (Lair:6)
  The ghost of feelmyfire the Arsonist, a journeyman DEFE of Vehumet (D:11)
  3 sea snakes (Lair:6)
  The ghost of Zwobot the Destroyer, a novice BaFE (D:6)
  An unseen horror (D:11)
  A wizard (D:14)
  5 manticores
  A harpy (Lair:6)
  22 elephants
  4 black mambas
  2 ice statues (IceCv)
  A torpor snail (Lair:6)
  4 gargoyles
  12 spiny frogs
  A kobold demonologist (D:13)
  3 rime drakes
  13 komodo dragons
  8 ice devils (IceCv)
  A queen bee (Lair:5)
  3 meliai (Lair:5)
  2 trolls
  2 polar bears (Lair:6)
  6 hornets
  3 slime creatures
  3 blink frogs (Lair:4)
  7 hippogriffs
  A shadow (D:13)
  A vampire (D:14)
  4 wyverns
  36 yaks
  3 basilisks
  2 vampire mosquitoes (D:13)
  A hungry ghost (D:9)
  A warg (D:11)
  The ghost of Shinoi the Conjurer, an amateur OpCj (D:3)
  An acid dragon (D:14)
  10 porcupines
  8 water moccasins
  2 sky beasts
  A hornet zombie (D:13)
  Purgy (D:3)
  10 ice beasts
  2 phantoms
  2 ogres
  7 orc warriors
  6 black bears
  A necrophage (D:8)
  16 wolves
  9 centaurs
  2 eyes of draining
  28 crocodiles
  2 big kobolds
  15 bullfrogs
  3 water moccasin skeletons
  7 scorpions
  A wyvern skeleton (D:9)
  23 killer bees
  6 howler monkeys
  10 wights
  7 crimson imps
  3 centaur zombies
  A lava snake (D:13)
  6 hounds
  5 quasits
  Crazy Yiuf (D:6)
  3 jellies
  4 bullfrog skeletons
  8 orc priests
  2 gnoll shamans
  4 centaur skeletons
  3 iguanas
  Terence (D:3)
  17 orc wizards
  5 worker ants
  A hound zombie (D:5)
  A hound skeleton (D:10)
  A mummy (D:6)
  2 worker ant zombies
  9 gnolls
  4 river rats (D:5)
  11 adders
  4 shadow imps
  6 white imps (IceCv)
  4 ufetubi (IceCv)
  An ooze (D:1)
  An adder zombie (D:10)
  3 worms
  2 dart slugs (D:1)
  3 leopard geckos
  34 orcs
  4 ball pythons
  9 bats
  3 giant cockroaches
  7 goblins
  9 hobgoblins
  12 jackals
  A quokka (D:7)
  A ball python skeleton (D:4)
  4 frilled lizards
  A giant cockroach zombie (D:6)
  A jackal zombie (D:5)
  14 kobolds
  A leopard gecko zombie (D:6)
  22 rats
  A spectral orc (D:6)
595 creatures vanquished.

Vanquished Creatures (others)
  A reaper (IceCv)
  A worker ant (D:4)
  5 white imps (IceCv)
  7 ufetubi (IceCv)
  An ooze (D:4)
  A quokka (D:9)
  9 bushes (D:6)
  18 fungi
  14 plants
57 creatures vanquished.

Grand Total: 652 creatures vanquished

Notes
Turn   | Place    | Note
-------+----------+-------------------------------------------
     0 | D:1      | inmateoo the Draconian Transmuter began the quest for the Orb.
     0 | D:1      | Reached XP level 1. HP: 16/16 MP: 3/3
   113 | D:1      | Reached XP level 2. HP: 15/23 MP: 5/5
   227 | D:1      | Learned a level 2 spell: Sticks to Snakes
   624 | D:1      | Reached XP level 3. HP: 24/28 MP: 4/6
   876 | D:2      | Learned a level 3 spell: Spider Form
  1511 | D:2      | Found an iron altar of Okawaru.
  1602 | D:3      | Reached XP level 4. HP: 36/36 MP: 7/7
  1706 | D:3      | Noticed Purgy
  1711 | D:3      | Noticed Terence
  1714 | D:3      | Killed Purgy
  1714 | D:3      | Reached skill level 4 in Unarmed Combat
  1714 | D:3      | Reached XP level 5. HP: 11/42 MP: 4/8
  1941 | D:3      | Killed Terence
  1954 | D:3      | Noticed Shinoi's ghost (amateur OpCj)
  2490 | D:4      | Found a shadowy altar of Dithmenos.
  2588 | D:4      | Reached XP level 6. HP: 29/50 MP: 10/10
  2594 | D:4      | Learned a level 4 spell: Ice Form
  3278 | D:4      | Found an iron altar of Okawaru.
  3289 | D:4      | Reached skill level 5 in Unarmed Combat
  3365 | D:4      | Reached skill level 1 in Ice Magic
  3385 | D:4      | Found a staircase to the Ecumenical Temple.
  3394 | Temple   | Entered the Ecumenical Temple
  3434 | Temple   | Became a worshipper of Cheibriados the Contemplative
  3803 | D:5      | Entered Level 5 of the Dungeon
  4049 | D:5      | Your scales start taking on a fiery red colour.
  4049 | D:5      | Reached XP level 7. HP: 54/56 MP: 11/11
  4049 | D:5      | Gained mutation: Your flesh is heat resistant. (rF+) [Red Draconian growth]
  4154 | D:5      | Reached * piety under Cheibriados
  4664 | D:5      | Reached skill level 6 in Unarmed Combat
  4664 | D:5      | Reached XP level 8. HP: 62/62 MP: 13/13
  4972 | D:6      | Reached skill level 5 in Transmutations
  5019 | D:6      | Found a deep blue altar of Sif Muna.
  5124 | D:6      | Found a shimmering altar of Xom.
  5125 | D:6      | Noticed Zwobot's ghost (novice BaFE)
  5147 | D:6      | Killed Zwobot's ghost
  5147 | D:6      | Reached skill level 7 in Unarmed Combat
  5242 | D:6      | Found a hazy altar of Hepliaklqana.
  5356 | D:6      | Found Uhau's Antique Armour Shop.
  5359 | D:6      | Bought a pair of embroidered gloves for 195 gold pieces
  5406 | D:6      | Found a stormy altar of Qazlal.
  5465 | D:6      | Found a snail-covered altar of Cheibriados.
  5492 | D:6      | Found a burning altar of Makhleb.
  5559 | D:6      | Found a blossoming altar of Fedhas.
  5563 | D:6      | Reached XP level 9. HP: 55/68 MP: 15/15
  5687 | D:6      | Reached ** piety under Cheibriados
  5828 | D:6      | Found a runed door.
  5860 | D:6      | Noticed Crazy Yiuf
  5862 | D:6      | Paralysed by Crazy Yiuf for 3 turns
  5866 | D:6      | Killed Crazy Yiuf
  5925 | D:6      | Found a basalt altar of Yredelemnul.
  6275 | D:7      | You fall through a shaft for 3 floors!
  6275 | D:10     | Entered Level 10 of the Dungeon
  6300 | D:10     | Reached skill level 5 in Dodging
  6312 | D:10     | Learned a level 5 spell: Blade Hands
  6432 | D:9      | Reached skill level 5 in Spellcasting
  6466 | D:9      | Reached skill level 8 in Unarmed Combat
  6466 | D:9      | Reached skill level 1 in Invocations
  6482 | D:9      | Reached *** piety under Cheibriados
  6743 | D:9      | Noticed a troll
  6745 | D:9      | Killed a troll
  6837 | D:9      | Reached XP level 10. HP: 67/74 MP: 18/18
  6962 | D:9      | Found a white marble altar of Elyvilon.
  7026 | D:9      | Noticed a two-headed ogre
  7034 | D:9      | Killed a two-headed ogre
  7034 | D:9      | Reached skill level 9 in Unarmed Combat
  7373 | D:8      | Reached **** piety under Cheibriados
  7513 | D:8      | Found a hide-covered altar of Uskayaw.
  7587 | D:8      | Learned a level 1 spell: Apportation
  8648 | D:3      | Reached ***** piety under Cheibriados
  8759 | D:3      | Killed Shinoi's ghost
  9673 | D:10     | Found a staircase to the Lair.
  9701 | D:10     | Gained mutation: You do not regenerate when monsters are visible. [mutagenic meat]
  9702 | D:10     | Gained mutation: You tend to lose your temper in combat. [mutagenic meat]
  9703 | D:10     | Gained mutation: You are robust. (+10% HP) [mutagenic meat]
  9704 | D:10     | Gained mutation: You have a pair of small horns on your head. [mutagenic meat]
  9705 | D:10     | Gained mutation: Your mind is acute. (Int +2) [mutagenic meat]
 10103 | D:11     | Reached XP level 11. HP: 48/88 MP: 11/20
 10103 | D:11     | Reached skill level 10 in Unarmed Combat
 10105 | D:11     | Noticed feelmyfire's ghost (journeyman DEFE)
 10344 | Lair:1   | Entered Level 1 of the Lair of Beasts
 10633 | Lair:1   | Reached skill level 5 in Invocations
 10679 | Lair:1   | Noticed a four-headed hydra
 10693 | Lair:1   | Killed a four-headed hydra
 11515 | Lair:2   | Reached skill level 10 in Transmutations
 11857 | Lair:2   | Noticed an eight-headed hydra
 11873 | Lair:2   | Killed an eight-headed hydra
 11873 | Lair:2   | Reached skill level 11 in Unarmed Combat
 12164 | Lair:2   | Reached XP level 12. HP: 95/100 MP: 22/22
 12165 | Lair:2   | Identified a scroll of acquirement
 12472 | Lair:3   | Found a staircase to the Swamp.
 12644 | Lair:3   | Noticed a four-headed hydra
 12651 | Lair:3   | Killed a four-headed hydra
 12651 | Lair:3   | Reached skill level 1 in Shields
 14846 | Lair:4   | Found a staircase to the Snake Pit.
 15026 | Lair:5   | Reached ****** piety under Cheibriados
 15107 | Lair:5   | Reached skill level 5 in Fighting
 15264 | Lair:5   | Found a staircase to the Slime Pits.
 15265 | Lair:5   | Found a viscous altar of Jiyva.
 15520 | Lair:5   | Reached skill level 12 in Unarmed Combat
 15874 | Lair:5   | Reached XP level 13. HP: 110/110 MP: 20/24
 16005 | Lair:5   | Reached skill level 1 in Evocations
 16511 | Lair:5   | Learned a level 3 spell: Regeneration
 16569 | Lair:6   | Entered Level 6 of the Lair of Beasts
 16724 | Lair:6   | Found a frozen archway.
 16762 | IceCv    | Entered an ice cave
 16941 | IceCv    | Killed a reaper
 20246 | Lair:6   | Reached XP level 14. HP: 87/122 MP: 22/26
 20781 | Lair:6   | Reached skill level 13 in Unarmed Combat
 20826 | Lair:6   | Reached skill level 5 in Shields
 20851 | Lair:6   | Lost mutation: You do not regenerate when monsters are visible. [potion of mutation]
 20851 | Lair:6   | Lost mutation: You have a pair of small horns on your head. [potion of mutation]
 20851 | Lair:6   | Gained mutation: You have supernaturally acute eyesight. (SInv) [potion of mutation]
 20851 | Lair:6   | Gained mutation: You are occasionally teleported next to monsters. [potion of mutation]
 20851 | Lair:6   | Gained mutation: You are agile. (Dex +2) [potion of mutation]
 20851 | Lair:6   | Gained mutation: You evolve. [potion of mutation]
 21076 | D:11     | Found an opulent altar of Gozag.
 21148 | D:11     | Killed feelmyfire's ghost
 21196 | D:11     | Found a staircase to the Orcish Mines.
 21431 | D:11     | Gained mutation: Your flesh is cold resistant. (rC+) [evolution]
 21604 | D:11     | Lost mutation: Your flesh is cold resistant. (rC+) [potion of mutation]
 21604 | D:11     | Lost mutation: Your mind is acute. (Int +2) [potion of mutation]
 21604 | D:11     | Lost mutation: You are occasionally teleported next to monsters. [potion of mutation]
 21604 | D:11     | Gained mutation: Your flesh is cold resistant. (rC+) [potion of mutation]
 23588 | D:13     | Found a portal to a secret trove of treasure.
 23783 | D:14     | Reached skill level 5 in Evocations
 24039 | D:14     | Noticed pedritolo's ghost (journeyman TrEE)
 24039 | D:14     | Annihilated by a titanic slime creature

Skill      XL: |  1  2  3  4  5  6  7  8  9 10 11 12 13 14 |
---------------+-------------------------------------------+-----
Dodging        | 2 3 4 5 6 7 8 9 |  9.1
Fighting       | 2 3 5 6 7 |  7.5
Unarmed Combat | 4 5 6 7 8 9 11 12 13 | 13.7
Transmutations | 3 4 6 7 9 10 11 12 | 12.8
Spellcasting   | 3 4 5 6 7 8 9 |  9.1
Ice Magic      | 1 2 |  2.3
Invocations    | 2 4 6 7 8 |  8.4
Shields        | 3 4 5 |  5.4
Evocations     | 3 5 |  5.2

Action                   |  1- 3 |  4- 6 |  7- 9 | 10-12 | 13-15 || total
-------------------------+-------+-------+-------+-------+-------++-------
Melee: Unarmed           |    17 |    43 |   334 |   571 |   765 ||  1730
       Dagger            |   142 |   161 |     4 |       |       ||   307
       Tailslap          |     9 |    23 |    43 |   116 |   218 ||   409
       Kick              |     6 |       |    23 |     5 |       ||    34
       Punch             |     1 |     3 |    10 |    30 |    14 ||    58
       Headbutt          |     1 |     3 |    12 |   105 |   147 ||   268
 Cast: Beastly Appendage |     7 |     1 |    11 |     1 |       ||    20
       Spider Form       |     1 |     6 |     2 |     1 |       ||    10
       Sticks to Snakes  |     1 |       |     3 |     2 |       ||     6
       Ice Form          |       |       |     5 |    12 |     8 ||    25
       Blade Hands       |       |       |       |     9 |    12 ||    21
       Regeneration      |       |       |       |       |     4 ||     4
Invok: Slouch            |       |       |       |     4 |     3 ||     7
 Abil: Breathe Fire      |       |       |    17 |     5 |     7 ||    29
       End Transformatio |       |       |     1 |     3 |     6 ||    10
Evoke: Wand              |       |       |       |     3 |     3 ||     6
       Lightning rod     |       |       |       |       |     3 ||     3
  Use: Scroll            |       |    13 |     3 |    11 |     5 ||    32
       Potion            |       |       |     3 |     5 |     3 ||    11
 Stab: Sleeping          |       |     1 |     1 |     3 |     9 ||    14
       Invisible         |       |       |     1 |       |       ||     1
       Distracted        |       |       |     1 |       |     2 ||     3
  Eat: Chunk             |     3 |     6 |     8 |    21 |    13 ||    51
       Bread ration      |       |     1 |       |       |       ||     1
       Fruit             |       |       |     2 |     5 |     5 ||    12
Armor: Skin              |    63 |    52 |   103 |   204 |   102 ||   524
Dodge: Dodged            |   155 |   125 |   244 |   508 |   479 ||  1511
Block: Buckler           |       |       |       |    74 |   236 ||   310
       Reflection        |       |       |       |       |    10 ||    10
